AoeStats
← ramirezalex13

Black Forest

506701317Analyzed
4v4 RM · 17d ago on Sep 14, 2026· 51m 19s· 8 players
Game mode
Random Map
Map size
Large (8 player)
Population
200
Speed
Normal
Resources
Standard
Victory
Conquest
Starting age
Dark Age
Ending age
Imperial Age
RankedLock teamsTeams togetherTeam positionsShared explorationLock speedFull tech treeHidden civsTurbo modeCheats
Victory
Defeat
🇩🇪 Georgians · Germany
1236
+16
🇺🇸 Persians · United States
1155
+19
🇲🇽 Turks · Mexico
1133
+20
🇩🇪 Vietnamese · Germany
1103
+20
🇪🇸 Sicilians · Spain
1251
-20
🇨🇿 Celts · Czechia
1228
-19
🇩🇪 Saracens · Germany
1202
-18
🇬🇧 Inca · United Kingdom
1196
-18
dxdydz
1:22 Loom
13:41 Feudal Age
14:13 Double-Bit Axe
19:40 Castle Age
19:02 Fletching
20:02 Gold Mining
20:13 Crossbowman
24:17 Bodkin Arrow
27:23 Wheelbarrow
27:19 Horse Collar
29:31 Hand Cart
29:06 Town Watch
30:22 Town Patrol
33:37 Imperial Age
33:38 Padded Archer Armor
33:47 Thumb Ring
35:03 Onager
43:38 Bloodlines
44:14 Scale Barding Armor
44:20 Forging
44:32 Block Printing
44:29 Redemption
47:09 Chain Barding Armor
50:17 Heavy Cavalry Archer
CampaCar
6:35 Loom
12:01 Feudal Age
15:57 Castle Age
17:28 Forging
17:04 Double-Bit Axe
21:23 Fishing Lines
23:22 Pikeman
24:53 Wheelbarrow
25:31 Town Watch
29:06 Hand Cart
28:52 Town Patrol
30:22 Horse Collar
30:54 Bow Saw
30:36 Fletching
31:21 Iron Casting
30:47 Scale Mail Armor
34:23 Imperial Age
32:17 Bloodlines
32:08 Husbandry
31:46 Light Cavalry
32:34 Scale Barding Armor
32:26 Bodkin Arrow
32:32 Padded Archer Armor
32:27 Gillnets
33:24 First Crusade
33:22 Squires
33:08 Arson
33:50 Gold Mining
34:24 Elite Serjeant
35:27 Conscription
35:27 Chain Mail Armor
35:23 Heavy Plow
36:01 Hauberk
37:28 Blast Furnace
37:22 Coinage
36:54 Caravan
37:05 Guilds
36:59 Stone Mining
38:38 Crop Rotation
37:46 Halberdier
39:59 Plate Mail Armor
39:34 Bracer
43:26 Cavalier
44:27 Onager
45:46 Siege Onager
48:48 Chemistry
Gouldy928
11:26 Feudal Age
15:17 Castle Age
13:04 Double-Bit Axe
13:21 Fishing Lines
15:04 Gold Mining
16:15 Bow Saw
21:09 Horse Collar
22:48 Wheelbarrow
22:51 Gold Mining
25:48 Heavy Plow
25:39 Stone Mining
25:46 Stone Mining
26:24 Gillnets
29:37 Imperial Age
27:23 Hand Cart
26:54 Loom
26:54 Town Watch
28:08 Gold Shaft Mining
28:10 Stone Shaft Mining
28:00 Forging
27:51 Scale Mail Armor
27:45 Treadmill Crane
28:16 Masonry
30:09 Iron Casting
29:49 Chain Mail Armor
29:24 Fletching
29:36 Padded Archer Armor
30:12 Capped Ram
31:27 Conscription
31:31 Siege Engineers
31:17 Elite Skirmisher
33:28 Thumb Ring
33:20 Bodkin Arrow
33:41 Leather Archer Armor
35:29 Caravan
36:27 Crop Rotation
37:41 Chemistry
38:54 Elite Kamayuk
42:50 Blast Furnace
42:21 Plate Mail Armor
43:19 Ballistics
43:23 Bracer
43:54 Ring Archer Armor
43:39 Guard Tower
43:35 Arrowslits
44:38 Fabric Shields
45:28 Coinage
45:59 Siege Ram
[82AD] WindCraft
0:40 Loom
12:32 Feudal Age
19:14 Double-Bit Axe
22:00 Castle Age
21:03 Fishing Lines
26:01 Bow Saw
26:52 Wheelbarrow
27:54 Hand Cart
27:37 Horse Collar
30:34 Gillnets
31:39 Gold Mining
36:44 Imperial Age
33:56 Pikeman
35:35 Fortified Wall
36:30 Treadmill Crane
37:07 Forging
36:58 Scale Mail Armor
37:03 Heavy Plow
38:47 Iron Casting
37:49 Halberdier
41:44 Conscription
41:51 Murder Holes
43:43 Furor Celtica
45:02 Blast Furnace
44:17 Chain Mail Armor
46:31 Heavy Scorpion
Pinselchen
0:56 Loom
14:24 Feudal Age
19:55 Castle Age
17:56 Double-Bit Axe
18:51 Stone Mining
18:44 Horse Collar
20:51 Bow Saw
21:04 Fishing Lines
25:45 Gold Mining
27:55 Wheelbarrow
27:57 Fletching
29:15 Heavy Plow
30:30 Hand Cart
31:42 Town Watch
35:34 Imperial Age
35:34 Bodkin Arrow
35:53 Svan Towers
36:40 Conscription
36:46 Bracer
36:38 Guard Tower
37:40 Scale Mail Armor
37:46 Pikeman
38:27 Squires
38:12 Arson
38:41 Forging
39:46 Keep
40:14 Chemistry
38:55 Halberdier
41:47 Chain Mail Armor
43:18 Gambesons
42:53 Man-at-Arms
44:05 Plate Mail Armor
43:55 Caravan
44:01 Long Swordsman
44:41 Two-Handed Swordsman
45:59 Iron Casting
46:07 Champion
48:56 Treadmill Crane
50:11 Town Patrol
50:33 Ballistics
50:01 Arrowslits
ramirezalex13
1:14 Loom
12:15 Feudal Age
18:10 Castle Age
17:27 Double-Bit Axe
20:04 Fletching
25:58 Bodkin Arrow
30:36 Bow Saw
32:19 Gold Mining
40:05 Imperial Age
40:06 Town Watch
42:52 Artillery
44:34 Gold Shaft Mining
44:27 Elite Janissary
kneehao
5:15 Loom
10:43 Feudal Age
11:17 Double-Bit Axe
16:13 Castle Age
14:35 Double-Bit Axe
15:04 Horse Collar
23:40 Bow Saw
28:47 Imperial Age
26:38 Stone Mining
27:40 Wheelbarrow
27:18 Heavy Plow
27:43 Bloodlines
27:45 Gold Mining
28:35 Husbandry
28:42 Scale Barding Armor
30:06 Chain Barding Armor
29:57 Forging
30:51 Chemistry
30:26 Crop Rotation
30:53 Gold Shaft Mining
30:54 Stone Shaft Mining
30:33 Town Watch
32:09 Plate Barding Armor
32:49 Conscription
34:35 Iron Casting
34:21 Elite War Elephant
35:50 Hand Cart
36:44 Blast Furnace
36:50 Town Patrol
36:42 Fletching
38:47 Bodkin Arrow
41:03 Guilds
42:06 Crossbowman
42:54 Kamandaran
43:36 Padded Archer Armor
45:19 Thumb Ring
48:25 Ballistics
48:23 Leather Archer Armor
49:40 Ring Archer Armor
Onkel Olli
7:23 Loom
10:36 Feudal Age
11:04 Double-Bit Axe
11:02 Fishing Lines
11:46 Horse Collar
19:11 Castle Age
20:03 Bow Saw
19:18 Elite Skirmisher
20:44 Fletching
21:40 Bodkin Arrow
21:51 Stone Mining
21:52 Gold Mining
22:12 Gillnets
24:41 Padded Archer Armor
25:25 Heavy Plow
30:59 Imperial Age
29:43 Caravan
32:40 Chemistry
32:03 Ballistics
32:07 Bracer
32:22 Leather Archer Armor
31:30 Imperial Skirmisher
37:23 Elite Fire Lancer
45:28 Siege Engineers
46:55 Forging
46:47 Scale Mail Armor
47:19 Ring Archer Armor
50:26 Iron Casting
50:06 Chain Mail Armor
51:09 Squires
50:55 Arson
Connection lost

Rejoining the realm…

Still unreachable

The connection could not be restored.

Session expired

The server has moved on; the page needs a fresh start.